 Dungeon Crawl Stone Soup version 0.21.0-3-g78d12a8 (webtiles) character file.

74 pomescollege the Firebug (level 4, 0/30 HPs)
             Began as a Demonspawn Fire Elementalist on Jan 10, 2018.
             Succumbed to an adder's poison
             ... on level 1 of the Dungeon.
             The game lasted 00:08:40 (1439 turns).

pomescollege the Firebug (DsFE)                     Turns: 1439, Time: 00:08:40

Health: 0/30       AC:  3    Str:  8    XL:     4   Next: 10%
Magic:  0/7        EV: 13    Int: 17    God:
Gold:   85         SH:  0    Dex: 14    Spells: 4/8 levels left

rFire    . . .     SeeInvis +   o - +0 spear
rCold    . . .     Gourm    .   (no shield)
rNeg     . . .     Faith    .   a - +1 robe
rPois    .         Spirit   .   (no helmet)
rElec    .         Reflect  .   (no cloak)
rCorr    .         Harm     .   (no gloves)
MR       .....                  (no boots)
Stlth    ++........             (no amulet)
HPRegen  0.10/turn              g - ring of see invisible
MPRegen  0.10/turn              (no ring)

@: lethally poisoned (0 -> -1)
A: hooves 1, rot immunity
a: no special abilities


You were on level 1 of the Dungeon.
You were not hungry.

You visited 1 branch of the dungeon, and saw 2 of its levels.

You collected 85 gold pieces.

Inventory:

Hand Weapons
 l - a +1 dagger
 o - a +0 spear (weapon)
Armour
 a - a +1 robe (worn)
Jewellery
 g - a ring of see invisible (left hand)
Potions
 h - a potion of curing
 i - a potion of resistance {unknown}
 j - a potion of mutation {unknown}
Books
 b - a book of Flames

   Spells                             Type                      Level
   a - Flame Tongue                   Conjuration/Fire             1
   b - Throw Flame                    Conjuration/Fire             2
   c - Conjure Flame                  Conjuration/Fire             3
   d - Inner Flame                    Hexes/Fire                   3
   e - Sticky Flame                   Conjuration/Fire             4
   f - Fireball                       Conjuration/Fire             5
Comestibles
 c - 2 rations
 k - 4 chunks of flesh


   Skills:
 + Level 2.5 Dodging
 - Level 1.7 Stealth
 + Level 2.6 Spellcasting
 + Level 2.1 Conjurations
 + Level 3.2 Fire Magic


You had 4 spell levels left.
You knew the following spells:

 Your Spells              Type           Power        Failure   Level  Hunger
a - Flame Tongue          Conj/Fire      ##...        6%          1    #......
b - Conjure Flame         Conj/Fire      ##......     19%         3    ###....


Dungeon Overview and Level Annotations

Branches:
Dungeon (2/15)

Altars:


Innate Abilities, Weirdness & Mutations

You have large cloven feet.
You are immune to rotting.


Message History

The flame tongue hits the hobgoblin.
The hobgoblin is heavily wounded.
The hobgoblin barely misses you.
Casting: Flame Tongue
Confirm with . or Enter, or press ? or * to list all spells.
Aiming: Flame Tongue
Press: ? - help, Shift-Dir - straight line, f/p - hobgoblin
Aim: a hobgoblin, wielding a club (heavily wounded)
The flame tongue hits the hobgoblin.
The hobgoblin is severely wounded.
The hobgoblin hits you with a club.
* * * LOW HITPOINT WARNING * * *
Casting: Flame Tongue
Confirm with . or Enter, or press ? or * to list all spells.
You don't have enough magic to cast that spell.
Unknown command.
You hit the hobgoblin.
You kill the hobgoblin!
Some of the chunks of flesh in your inventory have rotted away.
You die...

# ####.#..### #....# #
#...#....# #)...#
######.##..##.###....#
.......##.###..##....#
.)###.....# ##.##....#
........### #.##....#
.........#####.##....#
.....>.#.............#
.......########>@).>.#
........# #...#.##
........########.##.#
.............#....#.####
..................#....#
########.##.#####..###.#
# #####.##.# #...##.#
####.....##.# #.#.##.###
.##......##.# #.#..#...#


There were no monsters in sight!

Vanquished Creatures
  An orc wizard (D:2)
  2 adders (D:2)
  2 dart slugs
  A bat (D:1)
  3 goblins
  5 hobgoblins
  A jackal (D:1)
  2 kobolds (D:1)
  5 frilled lizards
  3 rats
25 creatures vanquished.

Notes
Turn   | Place    | Note
-------+----------+-------------------------------------------
     0 | D:1      | pomescollege the Demonspawn Fire Elementalist began the quest for the Orb.
     0 | D:1      | Reached XP level 1. HP: 13/13 MP: 3/3
   211 | D:1      | Gained mutation: You are immune to rotting. [demonic ancestry]
   211 | D:1      | Reached XP level 2. HP: 2/19 MP: 1/5
  1220 | D:2      | Reached skill level 3 in Fire Magic
  1220 | D:2      | Reached XP level 3. HP: 23/24 MP: 0/6
  1339 | D:2      | Learned a level 3 spell: Conjure Flame
  1430 | D:2      | Gained mutation: You have large cloven feet. [demonic ancestry]
  1430 | D:2      | Reached XP level 4. HP: 15/30 MP: 1/7
  1437 | D:1      | HP: 1/30 [hobgoblin/club (3)]
  1439 | D:1      | Succumbed to an adder's poison

Skill      XL: |  1  2  3 |
---------------+----------+-----
Dodging        | 2 |  2.5
Fire Magic     | 3 |  3.2
Conjurations   | 2 |  2.1
Stealth        | |  1.7
Spellcasting   | |  2.6

Action                   |  1- 3 |  4- 6 || total
-------------------------+-------+-------++-------
Melee: Unarmed           |    29 |       ||    29
       Spear             |     4 |     1 ||     5
       Dagger            |     1 |       ||     1
 Cast: Flame Tongue      |    37 |     3 ||    40
  Use: Scroll            |     6 |       ||     6
  Eat: Chunk             |     2 |       ||     2
Armor: Robe              |    12 |       ||    12
Dodge: Dodged            |    39 |     2 ||    41
